 Dungeon Crawl Stone Soup version 0.18-a0-1577-gf591c28 (webtiles) character file.

20855 dvd the Reanimator (level 12, -2/114 HPs)
             Began as a Deep Dwarf Necromancer on Mar 20, 2016.
             Was the Champion of Ru.
             Slain by a blink frog (18 damage)
             ... on level 5 of the Lair of Beasts on Mar 21, 2016.
             The game lasted 01:20:30 (13363 turns).

dvd the Reanimator (Deep Dwarf Necromancer)        Turns: 13363, Time: 01:20:30

Health: -2/114     AC:  8    Str: 13    XL:     12   Next: 49%
Magic:  6/26       EV: 17    Int: 18    God:    Ru [******]
Gold:   1099       SH:  0    Dex: 13    Spells: 4 memorised, 19 levels left

rFire  . . .     SeeInvis .     O - +4 war axe (vamp)
rCold  x . .     Gourm    .     e - +2 robe {rF+}
rNeg   . . .     Faith    .     (shield unavailable)
rPois  .         Spirit   .     H - +0 helmet
rElec  .         Dismiss  .     (no cloak)
rCorr  .         Reflect  .     (no gloves)
SustAt .         Harm     +     (no boots)
MR     ++...                    G - amulet of harm
Stlth  ..........               D - ring of wizardry
                                (ring unavailable)

@: non-regenerating, very resistant to hostile enchantments, extremely
unstealthy
A: damage resistance, recharge devices, icy blue scales 1, yellow scales 1,
magic resistance 1, sense surroundings 2, robust 1, slow regeneration 3, weak 1,
missing a hand, no stealth, temperature sensitive
a: Device Recharging, Draw Out Power, Power Leap, Apocalypse, Renounce Religion


You were on level 5 of the Lair of Beasts.
You worshipped Ru.
Ru was exalted by your worship.
You were not hungry.

You visited 3 branches of the dungeon, and saw 15 of its levels.

You collected 1099 gold pieces.

Inventory:

Hand Weapons
 a - a +2 spear of pain
 q - the +10 mace "Jouh" {venom, Dex+7}
   (You found it on level 3 of the Lair of Beasts)

   It poisons the flesh of those it strikes.
   It affects your dexterity (+7).
 r - a +1 hand axe of venom
 O - a +4 vampiric war axe (weapon)
Armour
 e - a +2 robe of fire resistance (worn)
 H - a +0 helmet (worn)
 U - a +1 scale mail of fire resistance
Jewellery
 t - an uncursed amulet of magic regeneration
 C - an uncursed ring of fire
 D - a ring of wizardry (right hand)
 G - an amulet of harm (around neck)
Wands
 c - a wand of heal wounds (3/9)
 o - a wand of polymorph (0/24)
 u - a wand of lightning (2/15)
 w - a wand of digging (8/24)
 y - a wand of random effects (12/48)
 A - a wand of acid (9/15)
 K - a wand of lightning (7/15)
 P - a wand of random effects (30/48)
 S - a wand of disintegration (15/24)
Scrolls
 l - 2 scrolls of recharging
 m - 7 scrolls of identify
 s - 5 scrolls of remove curse
 v - 2 scrolls of amnesia
 z - 3 scrolls of magic mapping
 F - 3 scrolls of fog
 I - 3 scrolls of teleportation
 Q - a scroll of enchant armour
Potions
 g - 5 potions of curing
 j - a potion of cure mutation
 n - 3 potions of might
 p - a potion of heal wounds
 x - a potion of cancellation
 E - 2 potions of brilliance
 N - a potion of haste
 R - a potion of flight
Books
 b - a book of Necromancy

   Spells                             Type                      Level
   a - Pain                           Necromancy                   1
   b - Animate Skeleton               Necromancy                   1
   c - Vampiric Draining              Necromancy                   3
   d - Regeneration                   Charms/Necromancy            3
   e - Animate Dead                   Necromancy                   4
   f - Control Undead                 Necromancy                   4
 k - a book of the Earth

   Spells                             Type                      Level
   a - Leda's Liquefaction            Hexes/Earth                  4
   b - Bolt of Magma                  Conjuration/Fire/Earth       5
   c - Statue Form                    Transmutation/Earth          6
   d - Iron Shot                      Conjuration/Earth            6
   e - Shatter                        Earth                        9
 B - a book of Beasts

   Spells                             Type                      Level
   a - Summon Butterflies             Summoning                    1
   b - Call Canine Familiar           Summoning                    3
   c - Summon Ice Beast               Ice/Summoning                4
   d - Summon Mana Viper              Hexes/Summoning              5
   e - Summon Hydra                   Summoning                    7
 J - a Young Poisoner's Handbook

   Spells                             Type                      Level
   a - Sting                          Conjuration/Poison           1
   b - Cure Poison                    Poison                       2
   c - Mephitic Cloud                 Conjuration/Poison/Air       3
   d - Olgreb's Toxic Radiance        Poison                       4
   e - Venom Bolt                     Conjuration/Poison           5
 L - a book of Dreams

   Spells                             Type                      Level
   a - Ensorcelled Hibernation        Hexes/Ice                    2
   b - Silence                        Hexes/Air                    5
   c - Darkness                       Hexes                        6
   d - Shadow Creatures               Summoning                    6
Comestibles
 d - 12 bread rations
 f - 3 slices of pizza
 h - 2 meat rations
 M - 5 beef jerkies


   Skills:
 * Level 5.7 Fighting
 * Level 6.4 Axes
 + Level 0.6(3.6) Maces & Flails
 + Level 9.9 Dodging
 + Level 10.3 Spellcasting
 + Level 12.8 Necromancy
 + Level 1.8 Evocations


You had 19 spell levels left.
You knew the following spells:

 Your Spells              Type           Power        Failure   Level  Hunger
a - Pain                  Necr           ####         1%          1    None
b - Vampiric Draining     Necr           ######....   1%          3    None
c - Control Undead        Necr           ######....   1%          4    ###....
d - Animate Dead          Necr           N/A          1%          4    ###....


Dungeon Overview and Level Annotations

Branches:
Dungeon (9/15)             Temple (1/1) D:7            Lair (5/8) D:9
 Shoals (0/4) Lair:5
  Snake: Lair:3-6    Spider: Lair:3-6       Orc: D:9-12

Altars:
Ashenzari
Cheibriados
Dithmenos
Elyvilon
Fedhas
Gozag
Kikubaaqudgha
Makhleb
Okawaru
Qazlal
Ru
Sif Muna
Trog
Vehumet
Xom
Yredelemnul
Zin
The Shining One

Annotations:
D:2 Sigmund


Innate Abilities, Weirdness & Mutations

You are resistant to damage.
You can recharge devices by infusing magical energy.
You passively map the area around you.
You do not regenerate naturally.
You are weak. (Str -2)
You are missing a hand.
You cannot be stealthy.
You are sensitive to extremes of temperature (rF-, rC-).
You are partially covered in icy blue scales (AC +1).
You are partially covered in yellow scales (AC +2).
You are resistant to hostile enchantments.
You are robust (+10% HP).


Message History

Something hits the plant!
You start resting.
You swap places.
You redirect the blink frog's attack!
The blink frog hits the plant but does no damage.
Casting: Pain
Confirm with . or Enter, or press ? or * to list all spells.
Aiming: Pain
Press: ? - help, Shift-Dir - straight line, f - blink frog
Aim: a blink frog (chance to defeat MR: 71%)
The blink frog convulses in agony!
The blink frog blinks!
You start resting.
The blink frog begins to attack, but is stunned by your will!
The blink frog hits your blink frog zombie!
Your blink frog zombie closely misses the blink frog.
Your blink frog zombie misses the blink frog.
Your blink frog zombie completely misses the blink frog.
The blink frog hits you!
You die...

##...##.................# ...P..♣
#..###...P..................PP...
##.####..........P...P.P....P..♣≈
#..##....P....PPPPPPPPP......P.♣≈
#.............P≈≈≈≈≈≈≈P......§...
..............P≈≈≈≈≈≈≈P........♣≈
.....#.##..Z#.P≈≈≈≈≈≈≈P..........
...#..#####.#.PPP†PPPPP........♣.
....#.##.##.....@F.........F.....
....P.#..#...#....Z..####......P♣
.............##.###### ##.......
.........#...#### #.#......
P..#....##..## ####.####
............## ### .............#
* .............# ............##


You could see a blink frog and a friendly blink frog zombie.

Vanquished Creatures
  2 hydras
  4 death yaks (Lair:5)
  4 lindwurms (Lair:4)
  3 black mambas
  6 spiny frogs
  A rime drake (Lair:4)
  2 komodo dragons
  A two-headed ogre (D:9)
  5 blink frogs
  A wyvern (D:8)
  3 yaks
  A basilisk (Lair:4)
  A hungry ghost (D:9)
  3 hippogriffs
  10 water moccasins
  5 porcupines
  An orc warrior (D:9)
  A black bear (D:9)
  3 sky beasts
  2 ice beasts
  A necrophage (D:7)
  2 phantoms (D:9)
  3 ogres
  The ghost of dvd the Charmwright, an amateur MfSk of Ashenzari (D:3)
  12 wolves
  A centaur (D:9)
  8 crocodiles
  8 giant frogs
  A big kobold (D:8)
  3 scorpions
  2 wyvern skeletons
  5 killer bees
  A wight (D:9)
  An electric eel (Lair:5)
  4 howler monkeys
  A crimson imp (D:7)
  2 giant frog zombies
  3 quasits
  5 hounds
  An orc priest (D:4)
  6 orc wizards
  Jessica (D:3)
  5 iguanas
  7 worker ants
  5 hell rats (Lair:4)
  2 killer bee zombies
  12 sheep
  A hound zombie (D:5)
  A hound skeleton (D:7)
  Robin (D:2)
  A worker ant zombie (D:9)
  14 adders
  25 river rats
  A giant eyeball (D:7)
  An ooze (D:5)
  3 adder skeletons
  A worm (D:4)
  A dart slug (D:1)
  4 giant geckos
  16 orcs
  9 giant cockroaches
  16 goblins
  16 hobgoblins
  18 jackals
  12 kobolds
  7 quokkas
  6 ball pythons
  7 bats
  A giant gecko skeleton (D:9)
  5 giant newts
  9 rats
  A bush (Lair:1)
  4 fungi (Lair:5)
  A plant (Lair:5)
344 creatures vanquished.

Vanquished Creatures (collateral kills)
  2 death yaks (Lair:5)
  A spiny frog (Lair:3)
  2 blink frogs (Lair:5)
  A basilisk (Lair:2)
  A water moccasin (Lair:5)
  A wolf (Lair:5)
  A crocodile (Lair:5)
  A centaur (Lair:5)
  A giant frog (Lair:5)
  A scorpion (D:7)
  An electric eel (Lair:5)
  A crimson imp (D:9)
  An orc (D:9)
  A bat (D:3)
  A giant newt (D:7)
17 creatures vanquished.

Vanquished Creatures (others)
  A spiny frog (Lair:1)
  A komodo dragon (Lair:4)
  A steam dragon (Lair:2)
  A hippogriff (Lair:5)
  A water moccasin (Lair:2)
  A giant frog (Lair:2)
  A kobold (D:9)
  2 plants
9 creatures vanquished.

Grand Total: 370 creatures vanquished

Notes
Turn   | Place    | Note
--------------------------------------------------------------
     0 | D:1      | dvd the Deep Dwarf Necromancer began the quest for the Orb.
     0 | D:1      | Reached XP level 1. HP: 15/15 MP: 3/3
   449 | D:1      | Reached XP level 2. HP: 22/22 MP: 1/4
  1103 | D:2      | Reached XP level 3. HP: 22/28 MP: 4/6
  1106 | D:2      | Reached skill level 5 in Necromancy
  1111 | D:2      | Learned a level 3 spell: Vampiric Draining
  1123 | D:2      | Found a basalt altar of Yredelemnul.
  1271 | D:2      | Noticed Robin
  1605 | D:2      | Reached XP level 4. HP: 25/36 MP: 3/8
  1615 | D:2      | Found an opulent altar of Gozag.
  1615 | D:2      | Noticed Sigmund
  1779 | D:2      | Killed Robin
  2336 | D:3      | Noticed dvd's ghost (amateur MfSk)
  2404 | D:3      | Noticed Jessica
  2408 | D:3      | Killed Jessica
  2408 | D:3      | Reached XP level 5. HP: 42/42 MP: 4/9
  2428 | D:3      | Learned a level 4 spell: Animate Dead
  2889 | D:3      | Killed dvd's ghost
  2889 | D:3      | Reached skill level 1 in Fighting
  2889 | D:3      | Reached skill level 6 in Necromancy
  3003 | D:3      | Reached XP level 6. HP: 46/51 MP: 2/11
  3880 | D:4      | Found a burning altar of Makhleb.
  3882 | D:4      | Noticed a cacodemon
  3887 | D:4      | Noticed a neqoxec
  3887 | D:4      | Noticed an orange demon
  4146 | D:4      | Found a deep blue altar of Sif Muna.
  4417 | D:5      | Entered Level 5 of the Dungeon
  4564 | D:5      | Noticed a sky beast
  4577 | D:5      | Killed a sky beast
  4577 | D:5      | Reached XP level 7. HP: 50/58 MP: 1/13
  4646 | D:5      | Found a sacrificial altar of Ru.
  4687 | D:5      | Became a worshipper of Ru the Awakened
  5305 | D:6      | Gained mutation: You are weak. (Str -2) [potion of mutation]
  5305 | D:6      | Gained mutation: You are resistant to hostile enchantments. [potion of mutation]
  5305 | D:6      | Gained mutation: You are partially covered in yellow scales (AC +2). [potion of mutation]
  5591 | D:6      | Gained mutation: You are sensitive to extremes of temperature (rF-, rC-). [Ru sacrifice]
  5591 | D:6      | Reached * piety under Ru
  5591 | D:6      | Reached ** piety under Ru
  5591 | D:6      | Reached *** piety under Ru
  5943 | D:7      | Reached skill level 5 in Spellcasting
  5948 | D:7      | Reached XP level 8. HP: 64/67 MP: 9/15
  5951 | D:7      | Reached skill level 1 in Axes
  5951 | D:7      | Reached skill level 7 in Necromancy
  5997 | D:7      | Reached skill level 5 in Dodging
  6350 | D:7      | Lost mutation: You are weak. (Str -2) [potion of mutation]
  6350 | D:7      | Gained mutation: You evolve. [potion of mutation]
  6350 | D:7      | Gained mutation: You are robust (+10% HP). [potion of mutation]
  6407 | D:7      | Paralysed by a giant eyeball for 2 turns
  6629 | D:7      | Found a staircase to the Ecumenical Temple.
  6666 | Temple   | Entered the Ecumenical Temple
  6959 | D:7      | Learned a level 4 spell: Control Undead
  7483 | D:8      | Gained mutation: You are weak. (Str -2) [Ru sacrifice]
  7504 | D:8      | Found a blossoming altar of Fedhas.
  8005 | D:8      | Gained mutation: You passively map the area around you. [Deep Dwarf growth]
  8005 | D:8      | Reached XP level 9. HP: 53/81 MP: 2/17
  8013 | D:8      | Reached skill level 8 in Necromancy
  8365 | D:9      | Reached skill level 9 in Necromancy
  8425 | D:9      | Found a snail-covered altar of Cheibriados.
  8803 | D:9      | Reached XP level 10. HP: 43/92 MP: 8/20
  9092 | D:9      | Noticed an unseen horror
  9239 | D:9      | Found a staircase to the Lair.
  9245 | Lair:1   | Entered Level 1 of the Lair of Beasts
  9323 | Lair:1   | Noticed a spiny frog
  9432 | Lair:1   | Reached skill level 10 in Necromancy
  9466 | Lair:1   | Reached skill level 1 in Evocations
  9502 | Lair:1   | Noticed a black mamba
  9503 | Lair:1   | Gained mutation: You are missing a hand. [Ru sacrifice]
  9503 | Lair:1   | Reached **** piety under Ru
  9503 | Lair:1   | Reached ***** piety under Ru
  9510 | Lair:1   | Killed a black mamba
  9842 | Lair:1   | Killed a spiny frog
  9936 | Lair:1   | Learned a level 4 spell: Animate Dead
  9999 | Lair:1   | Noticed an eight-headed hydra
 10011 | Lair:1   | Killed a nine-headed hydra
 10166 | Lair:1   | Gained mutation: You are partially covered in icy blue scales (AC +1). [evolution]
 10341 | Lair:2   | Noticed a spiny frog
 10350 | Lair:2   | Killed a spiny frog
 10409 | Lair:2   | Reached skill level 5 in Stealth
 10409 | Lair:2   | Reached XP level 11. HP: 55/100 MP: 16/23
 10524 | Lair:2   | Reached skill level 11 in Necromancy
 11128 | Lair:3   | Got a transparent mace
 11362 | Lair:3   | Gained mutation: You cannot be stealthy. [Ru sacrifice]
 11362 | Lair:3   | Reached ****** piety under Ru
 12079 | Lair:4   | Lost mutation: You evolve. [evolution]
 12224 | Lair:4   | Identified the +10 mace "Jouh" {venom, Dex+7} (You found it on level 3 of the Lair of Beasts)
 12261 | Lair:4   | Noticed a lindwurm
 12283 | Lair:4   | Noticed a lindwurm
 12283 | Lair:4   | Noticed a lindwurm
 12283 | Lair:4   | Noticed a lindwurm
 12285 | Lair:4   | Killed a lindwurm
 12285 | Lair:4   | Killed a lindwurm
 12285 | Lair:4   | Killed a lindwurm
 12287 | Lair:4   | Killed a lindwurm
 12287 | Lair:4   | Reached skill level 12 in Necromancy
 12524 | Lair:4   | Reached skill level 5 in Axes
 12894 | Lair:5   | Noticed a death yak
 12894 | Lair:5   | Noticed a death yak
 12895 | Lair:5   | Noticed a death yak
 12895 | Lair:5   | Noticed a death yak
 12897 | Lair:5   | Noticed a death yak
 12897 | Lair:5   | Noticed a death yak
 12898 | Lair:5   | Killed a death yak
 12898 | Lair:5   | Killed a death yak
 12898 | Lair:5   | Reached skill level 5 in Fighting
 12898 | Lair:5   | Reached XP level 12. HP: 65/113 MP: 25/25
 12898 | Lair:5   | Killed a death yak
 12898 | Lair:5   | Killed a death yak
 12904 | Lair:5   | Killed a death yak
 12904 | Lair:5   | Reached skill level 10 in Spellcasting
 12907 | Lair:5   | Killed a death yak
 12953 | Lair:5   | Found a staircase to the Shoals.
 13308 | Lair:5   | Noticed a four-headed hydra
 13315 | Lair:5   | Killed a four-headed hydra
 13363 | Lair:5   | Slain by a blink frog

Vault maps used:
D:1:      ncdulo_smallfort, minivault_24
D:2:      old_standard_altar, yredelemnul_altar_generic, uniq_sigmund,
          uniq_robin
D:3:      first_bread, minmay_ruptured, uniq_jessica
D:4:      lemuel_blue_sif_altar, makhleb_altar_promises_db
D:5:      nicolae_ru_great_annihilating_truth
D:7:      mumra_celtic_spiral_tile, minmay_temple_entry_purple_smoke,
          kennysheep_generic_room_14
D:8:      kennysheep_mini_moat
D:9:      forest_paths, lemuel_coloured_pillars_altar, minitemple,
          grunt_ministairs_10, grunt_ogre_cave
Temple:   dpeg_five_rooms_temple_12
Lair:1:   patterned_corridor
Lair:4:   nicolae_quartered_pool_little, minmay_lindwurm_lava,
          serial_bayou_shore_b
Lair:5:   minmay_shoals_entry_centaurs, spider_nest_entry_funnel_web,
          nicolae_quartered_pool_super

Skill      XL: |  1  2  3  4  5  6  7  8  9 10 11 12 |
---------------+-------------------------------------+-----
Spellcasting   | 2 3 4 5 7 8 9 10 | 10.3
Necromancy     | 5 6 7 9 10 12 | 12.8
Fighting       | 1 2 3 5 |  5.7
Dodging        | 3 4 6 7 9 |  9.9
Stealth        | 3 4 5 0 |  0.0
Axes           | 2 5 6 |  6.4
Evocations     | 1 |  1.8
Maces & Flails | |  0.6

Action                   |  1- 3 |  4- 6 |  7- 9 | 10-12 || total
-------------------------+-------+-------+-------+-------++-------
Melee: Unarmed           |     1 |     8 |       |       ||     9
       Club              |     4 |       |       |       ||     4
       Flail             |    12 |   119 |     5 |       ||   136
       Hand axe          |       |    21 |   306 |    37 ||   364
       War axe           |       |       |     8 |   225 ||   233
       Broad axe         |       |       |    14 |       ||    14
 Cast: Pain              |    61 |    45 |    33 |    68 ||   207
       Vampiric Draining |     4 |    52 |   104 |   175 ||   335
       Animate Dead      |       |     2 |       |    21 ||    23
       Control Undead    |       |       |     6 |     1 ||     7
Invok: Sacrifice Resista |       |       |     1 |       ||     1
       Sacrifice Purity  |       |       |     1 |       ||     1
       Apocalypse        |       |       |       |     3 ||     3
       Draw Out Power    |       |       |       |     1 ||     1
       Sacrifice a Hand  |       |       |       |     1 ||     1
       Sacrifice Stealth |       |       |       |     1 ||     1
Evoke: Wand              |       |     2 |     5 |    13 ||    20
  Use: Scroll            |     1 |     7 |     7 |    11 ||    26
       Potion            |       |     7 |     6 |     4 ||    17
 Stab: Sleeping          |       |     3 |     4 |     6 ||    13
       Distracted        |       |     1 |       |     5 ||     6
       Invisible         |       |       |     1 |     5 ||     6
       Paralysed         |       |       |       |    12 ||    12
  Eat: Chunk             |     4 |    15 |    18 |    17 ||    54
       Pizza             |       |       |     2 |     2 ||     4
       Beef jerky        |       |       |       |     1 ||     1
